 Dungeon Crawl Stone Soup version 0.26-a0-648-g87339cca5e (webtiles) character file.

Game seed: 10686338706654455150

53 DogServant the Caller (level 3, 0/19 HPs)
             Began as a Tengu Summoner on Sept 25, 2020.
             Slain by a jackal (2 damage)
             ... on level 2 of the Dungeon.
             The game lasted 00:04:46 (1750 turns).

DogServant the Caller (Tengu Summoner)              Turns: 1750, Time: 00:04:47

Health: 0/19       AC:  2    Str:  8    XL:     3   Next: 89%
Magic:  4/7        EV: 13    Int: 15    God:
Gold:   44         SH:  0    Dex: 15    Spells: 0/6 levels left

rFire    . . .     SeeInvis .     - Unarmed
rCold    . . .     Faith    .   (no shield)
rNeg     . . .     Spirit   .   a - +0 robe
rPois    .         Reflect  .   (helmet restricted)
rElec    .         Harm     .   (no cloak)
rCorr    .         Rampage  .   (no gloves)
MR       .....                  (boots unavailable)
Stlth    ++........             (no amulet)
HPRegen  0.06/turn              (no ring)
MPRegen  0.10/turn              (no ring)

@: no status effects
A: beak, talons 3
a: no special abilities


You were on level 2 of the Dungeon.
You visited 1 branch of the dungeon, and saw 2 of its levels.

You collected 44 gold pieces.

Inventory:

Missiles
 c - 18 stones
 d - 2 atropa-tipped darts
 g - 13 poisoned darts (quivered)
 h - 33 bolts
 m - 21 arrows
Armour
 a - a +0 robe (worn)
Jewellery
 o - an uncursed ring of magical power {unknown}
Wands
 l - a wand of paralysis (9)
Scrolls
 b - 2 scrolls of immolation {unknown}
 e - 2 scrolls of magic mapping {unknown}
 f - a scroll of teleportation {unknown}
 i - a scroll of amnesia {unknown}
 j - a scroll of identify {unknown}
 k - a scroll of enchant weapon {unknown}
Potions
 n - a potion of curing {unknown}


   Skills:
 + Level 3.1 Dodging
 - Level 2.0 Stealth
 + Level 1.9 Unarmed Combat
 - Level 2.0 Spellcasting
 + Level 5.4 Summonings


You couldn't memorise any spells.
You knew the following spells:

 Your Spells              Type           Power        Failure   Level
a - Summon Small Mammal   Summ           ###.         2%          1
b - Call Imp              Summ           ###.....     3%          2
c - Call Canine Familiar  Summ           ###.....     7%          3

Your spell library contained the following spells:

 Spells                   Type           Power        Failure   Level
 Summon Guardian Golem    Hex/Summ       #.......     22%         3
 Summon Ice Beast         Ice/Summ       #.......     58%         4
 Summon Lightning Spire   Summ/Air       #.......     58%         4


Dungeon Overview and Level Annotations

Branches:
Dungeon (2/15)

Altars:


Innate Abilities, Weirdness & Mutations

You have a beak for a mouth.
You have claws for feet.


Message History

You are too injured to fight recklessly!
You are too injured to fight recklessly!
You are too injured to fight recklessly!
You are too injured to fight recklessly!
Casting: Call Canine Familiar (extremely dangerous; 7% risk of failure)
Confirm with . or Enter, or press ? or * to list all spells.
The spell is extremely dangerous to cast (7% risk of failure)!
Continue anyway?
The jackal bites you. x3
* * * LOW HITPOINT WARNING * * *
The jackal bites you.
* * * LOW HITPOINT WARNING * * *
Your hound bites the jackal.
The jackal dies!
Your hound bites the jackal.
Your hound closely misses the jackal.
The jackal barely misses you.
Your hound misses the jackal. The jackal closely misses you.
Your hound barely misses the jackal.
The jackal bites you.
You die...

##### ##...##
##.###.##
##.## ##.####
#.##
##.#.#######
#.#
#..........
#.##
##.#........
##.##
##.##@#######
##.###.###h#
##...####h##
##........#
#..####..#
#..####..#
#.....#..#
####
##.##.#.[#
...#
#####.##.#.†#


You could see a jackal and a friendly hound (summoned).

Vanquished Creatures
  A dart slug (D:1)
  A leopard gecko (D:1)
  A giant cockroach (D:2)
  3 goblins
  2 hobgoblins (D:1)
  A jackal (D:2)
  4 kobolds
  A quokka (D:2)
  4 bats (D:1)
  9 frilled lizards
  5 rats
32 creatures vanquished.

Vanquished Creatures (collateral kills)
  An adder (D:2)
  A dart slug (D:1)
  3 bats (D:1)
  A goblin (D:1)
  2 hobgoblins (D:1)
  5 jackals
  2 kobolds (D:1)
  2 frilled lizards (D:1)
  3 rats (D:1)
20 creatures vanquished.

Grand Total: 52 creatures vanquished

Notes
Turn   | Place    | Note
-------+----------+-------------------------------------------
     0 | D:1      | DogServant the Tengu Summoner began the quest for the Orb.
     0 | D:1      | Reached XP level 1. HP: 10/10 MP: 4/4
    24 | D:1      | Reached skill level 5 in Summonings
    31 | D:1      | Reached XP level 2. HP: 8/15 MP: 0/6
    40 | D:1      | Reached skill level 1 in Unarmed Combat
   435 | D:1      | Learned a level 2 spell: Call Imp
   715 | D:1      | Reached XP level 3. HP: 17/19 MP: 7/7
   957 | D:1      | Learned a level 3 spell: Call Canine Familiar
  1750 | D:2      | Slain by a jackal

Illustrated notes

Levels and vault maps discovered:
D:1:      dpeg_arrival_pond, layout_rooms, minmay_lizard_pond
D:2:      layout_loops_ring, lemuel_round_altar, st_stairs_11, nrook_uturn

Skill      XL: |  1  2  3 |
---------------+----------+-----
Summonings     | 5 |  5.4
Unarmed Combat | 1 |  1.9
Dodging        | 3 |  3.1
Stealth        | |  2.0
Spellcasting   | |  2.0

Action                   || total
-------------------------++-------
Melee: Unarmed           ||   106
       Kick              ||    22
       Peck              ||    12
Throw: Stone             ||     4
       Dart              ||     7
 Cast: Summon Small Mamm ||     7
       Call Imp          ||     4
       Call Canine Famil ||     2
 Stab: Sleeping          ||     1
Armor: Robe              ||    24
Dodge: Dodged            ||    95

Table legend: (Time is in decaauts)
 A = Elapsed time spent in this place.
 B = Non-inter-level travel time spent in this place.
 C = Inter-level travel time spent in this place.
 D = Time resting spent in this place.
 E = Time spent auto-exploring this place.
 F = Levels seen in this place.
 G = Mean time per level.
                   A        B        C        D        E       F      G
               +--------+--------+--------+--------+--------+-----+--------+
         Total |   1748 |   1708 |     40 |    700 |    655 |   2 |  874.0 |
       Dungeon |   1748 |   1708 |     40 |    700 |    655 |   2 |  874.0 |
               +--------+--------+--------+--------+--------+-----+--------+

Top non-repeatable levels by time:
     D:1: 1206 daAuts
     D:2: 542 daAuts
